 Dungeon Crawl Stone Soup version 0.31-a0-920-g28cbb04a8c (webtiles) character file.

Game seed: 11650110212062149450

82 Azuregosa the Covert (level 4, 0/31 HPs)
             Began as an Octopode Delver on Oct 17, 2023.
             Was a Follower of Cheibriados.
             Killed from afar by Sigmund (9 damage)
             ... with a puff of flame
             ... on level 2 of the Dungeon.
             The game lasted 00:07:45 (1359 turns).

Azuregosa the Covert (Octopode Delver)              Turns: 1359, Time: 00:07:45

Health: 0/31       AC:  1    Str: 14    XL:     4   Next: 43%
Magic:  4/4        EV: 13    Int: 15    God:    Cheibriados [*.....]
Gold:   87         SH:  0    Dex: 18    Spells: 3/3 levels left

rFire   . . .        a - +0 short sword
rCold   . . .        (no shield)
rNeg    . . .        (helmet restricted)
rPois   .            (no amulet)
rElec   .            d - +4 ring of slaying
rCorr   .            (no ring)
SInv    .            (no ring)
Will    .....        (no ring)
Stlth   +++++        (no ring)
HPRegen 0.25/turn    (no ring)
MPRegen 0.09/turn    (no ring)
                     (no ring)

%: no passive effects
@: very slow
A: almost no armour, amphibious, 8 rings, camouflage 1, gelatinous body 1,
(nimble swimmer 1), tentacles
a: Renounce Religion, Bend Time


You were on level 2 of the Dungeon.
You worshipped Cheibriados.
Cheibriados was aware of your devotion.
You visited 2 branches of the dungeon, and saw 8 of its levels.

You collected 87 gold pieces.

Inventory:

Hand Weapons
 a - a +0 short sword (weapon)
Missiles
 g - 32 stones
 o - 6 silver javelins
Jewellery
 d - a +4 ring of slaying (left tentacle)
Wands
 f - a wand of digging (3)
 i - a wand of polymorph (14)
Scrolls
 b - a scroll of fog
 c - 2 scrolls of torment {unknown}
 h - 3 scrolls of identify {unknown}
 j - a scroll of teleportation {unknown}
 l - a scroll of enchant armour {unknown}
 m - a scroll of fear
 n - a scroll of immolation {unknown}
Potions
 e - a potion of haste
 k - a potion of curing {unknown}


   Skills:
 - Level 3.0 Fighting
 - Level 2.0 Short Blades
 - Level 2.0 Dodging
 + Level 8.9 Stealth


You had 3 spell levels left.
You didn't know any spells.
Your spell library contained the following spells:

 Spells                   Type           Power      Damage    Failure   Level
 Sublimation of Blood     Necr           0%         N/A       38%         2
 Petrify                  Tmut/Erth      0%         N/A       95%         4
 Irradiate                Conj/Tmut      0%         3d11      100%        5


Dungeon Overview and Level Annotations

Branches:
Dungeon (7/15)             Temple (1/1) D:5

Altars:
Ashenzari
Cheibriados
Dithmenos
Fedhas
Gozag
Hepliaklqana
Kikubaaqudgha
Makhleb
Qazlal
Uskayaw
Vehumet
Xom
Zin
The Shining One

Annotations:
D:2 Sigmund
Temple 2 transporters


Innate Abilities, Weirdness & Mutations

You cannot wear most types of armour.
You are amphibious.
You can wear up to eight rings at the same time.
Your skin changes colour to match your surroundings (Stealth+).
Your rubbery body absorbs attacks. (AC +1, EV +1)
((You are camouflaged when in or above water. (Stealth+)))
You have tentacles for arms and can constrict up to eight enemies at once.


Message History

You kill the goblin!
Cheibriados appreciates the change of pace.
Things that are here:
a +0 dagger; a goblin corpse You see here a +0 chain mail.
g - 32 stones (gained 9)
You open the door.
There is an open door here.
There is an open door here.
m - a scroll of fear
Found a stone staircase leading down.
There is a stone staircase leading down here.
You climb downwards.
Found a scroll labelled FIRUIFFUGG.
There is a stone staircase leading up here.
Found 6 silver javelins.
Found a stone staircase leading up.
A worm comes into view.
You see here a scroll labelled FIRUIFFUGG.
n - a scroll labelled FIRUIFFUGG Sigmund the Dreaded comes into view.
He is wielding a +0 scythe.
You see here 6 silver javelins.
o - 6 silver javelins Sigmund shouts!
Sigmund casts a spell.
Sigmund flickers and vanishes!
Deactivating autopickup; reactivate with Ctrl-A.
Something completely misses you.
You miss something. You squeeze something! Something hits you.
You hit something. Something hits you!
You closely miss something. You hit something.
You hear some strange, mumbled words.
A magic dart appears from out of thin air!
The magic dart hits you!
* * * LOW HITPOINT WARNING * * *
You hit something.
You hear some strange, mumbled words.
A puff of flame appears from out of thin air!
The puff of flame hits you!
You die...

#...........#
######.......#...#
.................######
#######................
......###.###..######
###...............#
#.<.....#####.#.#
###.#.#.........# #
.....w{@.........
###.###.#.#######.
..#.# .# ####.# # ..#
###


You could see a worm.

Vanquished Creatures
  3 gnolls (D:5)
  A shadow imp (D:5)
  A worm (D:3)
  5 orcs (D:4)
  6 endoplasms
  2 giant cockroaches (D:1)
  2 goblins
  2 hobgoblins (D:1)
  3 kobolds
  3 ball pythons
  5 bats
  2 frilled lizards
  3 rats (D:1)
38 creatures vanquished.

Notes
Turn   | Place    | Note
-------+----------+-------------------------------------------
     0 | D:5      | Azuregosa the Octopode Delver began the quest for the Orb.
     0 | D:5      | Reached XP level 1. HP: 16/16 MP: 1/1
    23 | D:6      | Found a glowing golden altar of the Shining One.
    44 | D:7      | Found a broken altar of Ashenzari.
    65 | D:7      | Noticed a wight
    97 | D:5      | Reached skill level 7 in Stealth
    97 | D:5      | Reached XP level 2. HP: 3/21 MP: 2/2
   175 | D:5      | Found a staircase to the Ecumenical Temple.
   192 | Temple   | Found a transporter.
   192 | Temple   | Found a transporter.
   192 | Temple   | Found a transporter.
   192 | Temple   | Found a transporter.
   192 | Temple   | Entered the Ecumenical Temple
   207 | Temple   | Became a worshipper of Cheibriados the Contemplative
   295 | D:5      | Reached XP level 3. HP: 21/26 MP: 3/3
   298 | D:5      | Reached skill level 8 in Stealth
   594 | D:4      | Found a stormy altar of Qazlal.
   690 | D:3      | Reached * piety under Cheibriados
   721 | D:3      | Reached XP level 4. HP: 31/31 MP: 4/4
  1340 | D:2      | Noticed Sigmund
  1359 | D:2      | Killed from afar by Sigmund

Illustrated notes

Levels and vault maps discovered:
D:1:      minmay_arrival_three_doors, layout_loops_ring,
          minmay_misc_feat_four_crosses
D:2:      layout_basic, uniq_sigmund
D:3:      layout_loops_corners, nemelex_diamond_rough_becter,
          lemuel_round_altar, gammafunk_ghost_arena,
          ebering_ecumenical_altar_hall, kennysheep_nub, kennysheep_doodads,
          uniq_crazy_yiuf_cottage
D:4:      layout_basic, nicolae_yredelemnul_corpse_copse, kennysheep_mini_moat,
          pf_guarded_unrand_woodcutter
D:5:      layout_basic, minmay_temple_entry_trees, cheibrodos_gnoll_hut
D:6:      layout_basic, lemuel_crystal_altar, nicolae_overflow_crystal_walls,
          chequers_decorated_corner
D:7:      layout_loops_ring, mainiacjoe_overflow_chevrons,
          nicolae_wu_jian_immortal_techniques, amcnicky_mini_corridor_feature,
          bh_walls_and_bars, uniq_duvessa, uniq_menkaure
Temple:   hellmonk_temple_divided_pantheon

Skill      XL: |  1  2  3 |
---------------+----------+-----
Stealth        | 7 8 |  8.9
Fighting       | |  3.0
Short Blades   | |  2.0
Dodging        | |  2.0

Action                     |  1- 3 |  4- 6 || total
---------------------------+-------+-------++-------
  Melee: Short sword       |    50 |    37 ||    87
         Tentacles         |    11 |     4 ||    15
         Constrict         |    10 |     6 ||    16
         Punch             |     2 |     1 ||     3
    Use: Scroll            |     2 |       ||     2
   Stab: Sleeping          |     4 |    10 ||    14
 Armour: Skin              |    19 |    10 ||    29
  Dodge: Dodged            |    27 |    16 ||    43

Table legend: (Time is in decaauts)
 A = Elapsed time spent in this place.
 B = Non-inter-level travel time spent in this place.
 C = Inter-level travel time spent in this place.
 D = Time resting spent in this place.
 E = Time spent auto-exploring this place.
 F = Levels seen in this place.
 G = Mean time per level.
                   A        B        C        D        E       F      G
               +--------+--------+--------+--------+--------+-----+--------+
         Total |   1653 |   1653 |      0 |    232 |    667 |   8 |  206.6 |
       Dungeon |   1617 |   1617 |      0 |    232 |    667 |   7 |  231.0 |
        Temple |     35 |     35 |      0 |      0 |      0 |   1 |   35.0 |
               +--------+--------+--------+--------+--------+-----+--------+

Top non-repeatable levels by time:
     D:1: 618 daAuts
     D:4: 315 daAuts
     D:5: 304 daAuts
     D:2: 182 daAuts
     D:3: 107 daAuts
     D:6: 57 daAuts
  Temple: 35 daAuts
     D:7: 30 daAuts
